Hartford Whalers vs Minnesota North Stars
Created - Friday, November 10, 2023 at 06:14
Goals
|
| Hartford Whalers |
2 |
2 |
0 |
4 |
| Minnesota North Stars |
1 |
0 |
0 |
1 |
|
Shots
|
| Hartford Whalers |
21 |
11 |
11 |
43 |
| Minnesota North Stars |
9 |
16 |
8 |
33 |
|
1st period
1. Hartford Whalers , Joshua Norris 11 (Anthony Mantha 15) at 12:44
2. Minnesota North Stars , Evgeni Malkin 20 (Brandon Montour 22, Viktor Arvidsson 29) at 14:16
3. Hartford Whalers , Alexis Lafreniere 20 (Trevor van Riemsdyk 13) at 16:53
Penalties :
Rasmus Dahlin (MNS) for Tripping (Minor) at 17:41
2nd period
4. Hartford Whalers , Alexander Wennberg 25 (Taylor Hall 38, Alexis Lafreniere 29) at 2:04
5. Hartford Whalers , Taylor Hall 30 (Alexander Wennberg 29, Josh Anderson 24) at 4:37 (PP)
Penalties :
Viktor Arvidsson (MNS) for Hooking (Minor) at 3:45, John Hayden (HFD) for Goalie Interference (Minor) at 5:33
3rd period
No Goal
Penalties :
Alexis Lafreniere (HFD) for Hooking (Minor) at 6:07, Evgeni Malkin (MNS) for Diving (Minor) at 12:25
Goalie Stats
Anton Forsberg (HFD), 32 saves from 33 shots - (0.970), W, 12-15-7, 60:00 minutes
Stuart Skinner (MNS), 39 saves from 43 shots - (0.907), L, 19-5-3, 60:00 minutes
Players Stats for Hartford Whalers
Player Name G A P +/- PIM S H SB GA TA FO MP PP MP PK MP
------------------------------------------------------------------------------------
Alec Martinez 0 0 0 1 0 2 0 1 0 0 0/0 4:35 0:00 0:00
Alexander Wennberg 1 1 2 1 0 5 1 1 1 1 9/21 19:34 2:27 2:06
Alexis Lafreniere 1 1 2 0 2 9 1 1 2 1 0/1 18:12 2:23 0:00
Anthony Mantha 0 1 1 1 0 1 1 0 0 0 0/0 13:07 0:00 0:01
Casey Cizikas 0 0 0 0 0 0 2 1 0 0 9/16 19:33 2:23 1:51
Connor Clifton 0 0 0 0 0 0 1 1 0 0 0/0 17:21 0:00 1:44
Haydn Fleury 0 0 0 2 0 1 2 1 0 0 0/0 13:47 0:00 0:24
Jaccob Slavin 0 0 0 -1 0 0 0 0 0 0 0/0 22:56 2:39 1:50
John Hayden 0 0 0 1 2 0 3 0 0 0 0/1 13:17 0:00 0:00
Josh Anderson 0 1 1 1 0 2 1 0 3 0 0/3 19:13 2:27 1:51
Joshua Norris 1 0 1 1 0 4 2 0 0 1 5/7 12:57 0:00 0:00
Lukas Reichel 0 0 0 0 0 3 1 0 0 0 1/4 8:13 0:00 0:00
Marcus Foligno 0 0 0 0 0 1 2 1 1 0 0/0 17:31 2:23 0:01
Mark Kastelic 0 0 0 0 0 2 2 0 0 1 0/0 8:13 0:00 0:00
Taylor Hall 1 1 2 1 0 9 2 0 1 0 0/1 19:07 2:27 2:06
Thomas Chabot 0 0 0 -1 0 2 1 3 0 1 0/0 24:28 2:39 1:50
Torey Krug 0 0 0 0 0 0 0 1 0 0 0/0 22:02 2:11 0:24
Trevor van Riemsdyk 0 1 1 3 0 2 1 0 1 1 0/0 21:54 2:11 1:44
Players Stats for Minnesota North Stars
Player Name G A P +/- PIM S H SB GA TA FO MP PP MP PK MP
------------------------------------------------------------------------------------
Brandon Montour 0 1 1 0 0 1 3 1 0 0 0/0 18:11 2:25 0:00
Brock Nelson 0 0 0 0 0 4 3 0 1 0 0/1 15:47 1:48 0:00
Conor Sheary 0 0 0 -3 0 0 1 2 0 0 0/1 9:45 0:00 0:00
Derick Brassard 0 0 0 -3 0 1 1 0 0 0 1/2 10:06 0:01 0:12
Eeli Tolvanen 0 0 0 -3 0 2 1 0 0 0 0/0 9:45 0:00 0:00
Evan Rodrigues 0 0 0 1 0 2 0 0 0 1 1/1 14:09 0:00 0:00
Evgeni Malkin 1 0 1 1 2 5 1 0 1 0 6/11 17:33 1:47 1:33
Frank Vatrano 0 0 0 0 0 2 1 0 0 1 0/0 14:10 0:01 0:00
Gustav Forsling 0 0 0 -1 0 0 1 0 0 1 0/0 19:12 1:33 2:10
Jack Hughes 0 0 0 0 0 1 0 0 1 1 1/1 17:44 2:10 2:25
Jamie Oleksiak 0 0 0 -1 0 1 2 0 0 0 0/0 24:21 1:33 2:40
Jeff Skinner 0 0 0 0 0 3 0 0 1 0 0/0 16:22 2:10 0:58
Jonathan Toews 0 0 0 0 0 3 2 0 0 2 7/12 16:11 0:00 2:10
Justin Holl 0 0 0 -1 0 0 1 2 0 0 0/0 16:01 0:00 0:50
Neal Pionk 0 0 0 0 0 1 0 1 0 1 0/0 18:09 0:00 2:16
Rasmus Dahlin 0 0 0 -1 2 0 0 1 1 1 0/0 24:05 2:25 1:44
Ryan Nugent-Hopkins 0 0 0 0 0 5 1 1 0 1 14/24 17:41 2:10 2:22
Viktor Arvidsson 0 1 1 1 2 2 1 1 1 0 0/1 15:55 1:47 0:00
3 Stars
1 - Anton Forsberg (HFD)
2 - Taylor Hall (HFD)
3 - Alexander Wennberg (HFD)
Power Play
Hartford Whalers - 1 on 3 Attempt(s) - 33.33%
Minnesota North Stars - 0 on 2 Attempt(s) - 0.00%
Penalty Kill
Hartford Whalers - 2 on 2 Attempt(s) - 100.00%
- Score 0 goal in Penalty Kill
Minnesota North Stars - 2 on 3 Attempt(s) - 66.67%
- Score 0 goal in Penalty Kill
Team Stat
Hartford Whalers - Hits : 23 - Faceoff Wins : 24 - Blocked Shots : 11 - Penalty Minutes : 4
Minnesota North Stars - Hits : 19 - Faceoff Wins : 30 - Blocked Shots : 9 - Penalty Minutes : 6
Official
Referees : Evgeny Romasko and Kevin Pollock
Linesman : Kiel Murchison and Ryan Galloway
Game Notes
Alec Martinez is injured at 13:29 of 1st period (Right Knee)
Finance
Level 1 -- Attendance: 4522 (75.37%) -- Ticket Income $452,200
Level 2 -- Attendance: 4188 (83.76%) -- Ticket Income $251,280
Level 3 -- Attendance: 2325 (77.50%) -- Ticket Income $81,375
Level 4 -- Attendance: 3834 (76.68%) -- Ticket Income $95,850
Luxury Box -- Attendance: 740 (74.00%) -- Ticket Income $148,000
Game was played at the Met Center.
Total Attendance: 15609 (78.05%)
Total Ticket Income: $1,028,705
Other Income: $360,047
Total Income: $1,388,752
Hartford Whalers
5 vs 5 Forward
Center Left Wing Right Wing Time % Phy DF OF
1 Alexander Wennberg Taylor Hall Josh Anderson 30 1 2 2
2 Casey Cizikas Marcus Foligno Alexis Lafreniere 30 1 2 2
3 Joshua Norris Anthony Mantha John Hayden 25 1 2 2
4 Lukas Reichel Mark Kastelic Haydn Fleury 15 1 2 2
5 vs 5 Defense
Defense Defense Time % Phy DF OF
1 Jaccob Slavin Thomas Chabot 35 1 2 2
2 Trevor van Riemsdyk Alec Martinez 35 1 2 2
3 Torey Krug Connor Clifton 30 1 2 2
4 Jaccob Slavin Thomas Chabot 0 1 2 2
PowerPlay Forward
Center Left Wing Right Wing Time % Phy DF OF
1 Alexander Wennberg Taylor Hall Josh Anderson 50 1 2 2
2 Casey Cizikas Marcus Foligno Alexis Lafreniere 50 1 2 2
PowerPlay Defense
Defense Defense Time % Phy DF OF
1 Jaccob Slavin Thomas Chabot 50 1 2 2
2 Trevor van Riemsdyk Alec Martinez 50 1 2 2
Penalty Kill 4 Players Forward
Center Wing Time % Phy DF OF
1 Alexander Wennberg Taylor Hall 50 1 2 2
2 Josh Anderson Casey Cizikas 50 1 2 2
Penalty Kill 4 Players Defense
Defense Defense Time % Phy DF OF
1 Jaccob Slavin Thomas Chabot 50 1 2 2
2 Trevor van Riemsdyk Alec Martinez 50 1 2 2
Penalty Kill - 3 Players Forward
Forward Time % Phy DF OF
1 Alexander Wennberg 50 1 2 2
2 Taylor Hall 50 1 2 2
Penalty Kill - 3 Players Defense
Defense Defense Time % Phy DF OF
1 Jaccob Slavin Thomas Chabot 50 1 2 2
2 Trevor van Riemsdyk Alec Martinez 50 1 2 2
4 vs 4 Forward
Center Wing Time % Phy DF OF
1 Alexander Wennberg Taylor Hall 50 1 2 2
2 Josh Anderson Casey Cizikas 50 1 2 2
4 vs 4 Defense
Defense Defense Time % Phy DF OF
1 Jaccob Slavin Thomas Chabot 50 1 2 2
2 Trevor van Riemsdyk Alec Martinez 50 1 2 2
Last Minutes Offensive
Center Left Wing Right Wing Defense Defense
Alexander Wennberg Taylor Hall Josh Anderson Jaccob Slavin Thomas Chabot
Last Minutes Defensive
Center Left Wing Right Wing Defense Defense
Alexander Wennberg Taylor Hall Josh Anderson Jaccob Slavin Thomas Chabot
Goaltenders
Starting : Anton Forsberg
Backup : Logan Thompson
Extra Forwards
Normal : Mark Kastelic, Alexander Wennberg, Anthony Mantha - PP : Mark Kastelic, Taylor Hall - PK : Anthony Mantha
Extra Defensemen
Normal : Torey Krug, Connor Clifton, Haydn Fleury - PP : Torey Krug - PK : Connor Clifton, Haydn Fleury
Penalty Shots
Alexander Wennberg, Taylor Hall, Josh Anderson, Casey Cizikas, Marcus Foligno
Minnesota North Stars
5 vs 5 Forward
Center Left Wing Right Wing Time % Phy DF OF
1 Ryan Nugent-Hopkins Jack Hughes Jeff Skinner 29 1 2 2
2 Evgeni Malkin Viktor Arvidsson Evan Rodrigues 29 1 2 2
3 Jonathan Toews Brock Nelson Frank Vatrano 29 1 2 2
4 Derick Brassard Conor Sheary Eeli Tolvanen 13 1 2 2
5 vs 5 Defense
Defense Defense Time % Phy DF OF
1 Rasmus Dahlin Jamie Oleksiak 30 1 2 2
2 Neal Pionk Brandon Montour 30 1 2 2
3 Gustav Forsling Justin Holl 25 1 2 2
4 Rasmus Dahlin Jamie Oleksiak 15 1 2 2
PowerPlay Forward
Center Left Wing Right Wing Time % Phy DF OF
1 Ryan Nugent-Hopkins Jack Hughes Jeff Skinner 50 1 1 3
2 Evgeni Malkin Brock Nelson Viktor Arvidsson 50 1 2 2
PowerPlay Defense
Defense Defense Time % Phy DF OF
1 Rasmus Dahlin Brandon Montour 50 1 2 2
2 Jamie Oleksiak Gustav Forsling 50 1 2 2
Penalty Kill 4 Players Forward
Center Wing Time % Phy DF OF
1 Ryan Nugent-Hopkins Jack Hughes 50 1 2 2
2 Jonathan Toews Evgeni Malkin 50 1 2 2
Penalty Kill 4 Players Defense
Defense Defense Time % Phy DF OF
1 Rasmus Dahlin Jamie Oleksiak 50 1 2 2
2 Neal Pionk Gustav Forsling 50 1 2 2
Penalty Kill - 3 Players Forward
Forward Time % Phy DF OF
1 Ryan Nugent-Hopkins 50 1 2 2
2 Evgeni Malkin 50 1 2 2
Penalty Kill - 3 Players Defense
Defense Defense Time % Phy DF OF
1 Rasmus Dahlin Jamie Oleksiak 50 1 2 2
2 Neal Pionk Gustav Forsling 50 1 2 2
4 vs 4 Forward
Center Wing Time % Phy DF OF
1 Ryan Nugent-Hopkins Jack Hughes 50 1 2 2
2 Evgeni Malkin Jeff Skinner 50 1 2 2
4 vs 4 Defense
Defense Defense Time % Phy DF OF
1 Rasmus Dahlin Jamie Oleksiak 50 1 2 2
2 Neal Pionk Brandon Montour 50 1 2 2
Last Minutes Offensive
Center Left Wing Right Wing Defense Defense
Ryan Nugent-Hopkins Jack Hughes Jeff Skinner Rasmus Dahlin Brandon Montour
Last Minutes Defensive
Center Left Wing Right Wing Defense Defense
Ryan Nugent-Hopkins Jeff Skinner Jonathan Toews Jamie Oleksiak Neal Pionk
Goaltenders
Starting : Stuart Skinner
Backup : Antti Raanta
Extra Forwards
Normal : Viktor Arvidsson, Jack Hughes, Jonathan Toews - PP : Viktor Arvidsson, Jack Hughes - PK : Jonathan Toews
Extra Defensemen
Normal : Neal Pionk, Justin Holl, Jamie Oleksiak - PP : Neal Pionk - PK : Justin Holl, Jamie Oleksiak
Penalty Shots
Ryan Nugent-Hopkins, Evgeni Malkin, Brock Nelson, Jeff Skinner, Jack Hughes
% Time on Ice - Hartford Whalers
Lines # - Real PCT - Wanted PCT - Time Play
Normal Forward
1 - 28% - 30% - 14:34
2 - 30% - 30% - 15:28
3 - 25% - 25% - 12:57
4 - 16% - 15% - 8:13
Normal Defense
1 - 32% - 35% - 16:25
2 - 40% - 35% - 20:15
3 - 27% - 30% - 13:49
4 - 1% - 0% - 0:43
PP Forward
1 - 51% - 50% - 2:27
2 - 49% - 50% - 2:23
PP Defense
1 - 55% - 50% - 2:39
2 - 45% - 50% - 2:11
PK Forward
1 - 53% - 50% - 2:06
2 - 47% - 50% - 1:52
PK Defense
1 - 46% - 50% - 1:50
2 - 54% - 50% - 2:08
PK3 Forward
1 - 0% - 50%
2 - 0% - 50%
PK3 Defense
1 - 0% - 50%
2 - 0% - 50%
44 Forward
1 - 0% - 50%
2 - 0% - 50%
44 Defense
1 - 0% - 50%
2 - 0% - 50%
Last Minute Offensive - 0:00
Last Minute Defensive - 0:00
Total
Forward - 60:00
Defense - 60:00
|
% Time on Ice - Minnesota North Stars
Lines # - Real PCT - Wanted PCT - Time Play
Normal Forward
1 - 26% - 29% - 13:09
2 - 28% - 29% - 14:17
3 - 27% - 29% - 14:01
4 - 19% - 13% - 9:45
Normal Defense
1 - 28% - 30% - 14:20
2 - 31% - 30% - 15:49
3 - 30% - 25% - 15:11
4 - 11% - 15% - 5:52
PP Forward
1 - 55% - 50% - 2:10
2 - 45% - 50% - 1:48
PP Defense
1 - 61% - 50% - 2:25
2 - 39% - 50% - 1:33
PK Forward
1 - 51% - 50% - 2:28
2 - 49% - 50% - 2:22
PK Defense
1 - 56% - 50% - 2:43
2 - 44% - 50% - 2:07
PK3 Forward
1 - 0% - 50%
2 - 0% - 50%
PK3 Defense
1 - 0% - 50%
2 - 0% - 50%
44 Forward
1 - 0% - 50%
2 - 0% - 50%
44 Defense
1 - 0% - 50%
2 - 0% - 50%
Last Minute Offensive - 0:00
Last Minute Defensive - 0:00
Total
Forward - 60:00
Defense - 60:00
|
Play-by-Play
1st period
0:01 of 1st period - Ryan Nugent-Hopkins wins face-off versus Josh Anderson in neutral zone.
0:12 of 1st period - Wrist shot by Alexander Wennberg.
0:12 of 1st period - Stopped by Stuart Skinner with a rebound.
2:29 of 1st period - Wrist shot by Brock Nelson.
2:29 of 1st period - Shot Misses the Net.
2:56 of 1st period - Justin Holl is hit by Joshua Norris and loses puck.
3:09 of 1st period - Jaccob Slavin is hit by Brock Nelson.
3:17 of 1st period - Slapshot by Brock Nelson.
3:17 of 1st period - Shot Misses the Net.
3:54 of 1st period - Snap shot by Anthony Mantha.
3:54 of 1st period - Stopped by Stuart Skinner without a rebound.
3:55 of 1st period - Casey Cizikas wins face-off versus Ryan Nugent-Hopkins in Minnesota North Stars zone.
4:02 of 1st period - Slapshot by Alexis Lafreniere.
4:02 of 1st period - Stopped by Stuart Skinner with a rebound.
4:04 of 1st period - Slapshot by Trevor van Riemsdyk.
4:04 of 1st period - Stopped by Stuart Skinner without a rebound.
4:05 of 1st period - Casey Cizikas wins face-off versus Ryan Nugent-Hopkins in Minnesota North Stars zone.
4:16 of 1st period - Slapshot by Alexis Lafreniere.
4:16 of 1st period - Stopped by Stuart Skinner with a rebound.
4:18 of 1st period - Slapshot by Alec Martinez.
4:18 of 1st period - Deflect By Rasmus Dahlin.
4:18 of 1st period - Stopped by Stuart Skinner without a rebound.
4:19 of 1st period - Evgeni Malkin wins face-off versus Alexander Wennberg in Minnesota North Stars zone.
4:46 of 1st period - Snap shot by Eeli Tolvanen.
4:46 of 1st period - Deflect By Derick Brassard.
4:46 of 1st period - Stopped by Anton Forsberg with a rebound.
4:58 of 1st period - Wrist shot by Josh Anderson.
4:58 of 1st period - Stopped by Stuart Skinner with a rebound.
5:00 of 1st period - Snap shot by Alexander Wennberg.
5:00 of 1st period - Stopped by Stuart Skinner with a rebound.
5:02 of 1st period - Snap shot by Connor Clifton.
5:02 of 1st period - Shot Misses the Net.
5:08 of 1st period - Wrist shot by Taylor Hall.
5:08 of 1st period - Stopped by Stuart Skinner without a rebound.
5:09 of 1st period - Evan Rodrigues wins face-off versus Lukas Reichel in Minnesota North Stars zone.
5:56 of 1st period - Icing by Brandon Montour.
5:57 of 1st period - Joshua Norris wins face-off versus Derick Brassard in Minnesota North Stars zone.
6:10 of 1st period - Slapshot by Thomas Chabot.
6:10 of 1st period - Shot Blocked by Neal Pionk.
6:24 of 1st period - Snap shot by Thomas Chabot.
6:24 of 1st period - Shot Blocked by Ryan Nugent-Hopkins.
8:52 of 1st period - Icing by Jaccob Slavin.
8:53 of 1st period - Evgeni Malkin wins face-off versus Casey Cizikas in Hartford Whalers zone.
8:56 of 1st period - Slapshot by Evgeni Malkin.
8:56 of 1st period - Shot Blocked by Thomas Chabot.
9:08 of 1st period - Slapshot by Alexis Lafreniere.
9:08 of 1st period - Stopped by Stuart Skinner with a rebound.
9:10 of 1st period - Wrist shot by Alexis Lafreniere.
9:10 of 1st period - Stopped by Stuart Skinner without a rebound.
9:11 of 1st period - Alexander Wennberg wins face-off versus Ryan Nugent-Hopkins in Minnesota North Stars zone.
9:12 of 1st period - Slapshot by Taylor Hall.
9:12 of 1st period - Shot Misses the Net.
9:14 of 1st period - Slapshot by Alec Martinez.
9:14 of 1st period - Stopped by Stuart Skinner with a rebound.
9:16 of 1st period - Snap shot by Trevor van Riemsdyk.
9:16 of 1st period - Stopped by Stuart Skinner with a rebound.
9:18 of 1st period - Snap shot by Josh Anderson.
9:18 of 1st period - Shot Misses the Net.
9:20 of 1st period - Wrist shot by Taylor Hall.
9:20 of 1st period - Stopped by Stuart Skinner with a rebound.
9:22 of 1st period - Snap shot by Josh Anderson.
9:22 of 1st period - Stopped by Stuart Skinner with a rebound.
9:47 of 1st period - Slapshot by Mark Kastelic.
9:47 of 1st period - Stopped by Stuart Skinner with a rebound.
9:49 of 1st period - Slapshot by Trevor van Riemsdyk.
9:49 of 1st period - Shot Misses the Net.
9:51 of 1st period - Snap shot by Lukas Reichel.
9:51 of 1st period - Stopped by Stuart Skinner with a rebound.
10:05 of 1st period - Slapshot by Jonathan Toews.
10:05 of 1st period - Deflect By Frank Vatrano.
10:05 of 1st period - Shot Blocked by Connor Clifton.
10:05 of 1st period - Puck is out of play.
10:06 of 1st period - Jonathan Toews wins face-off versus Alexander Wennberg in Hartford Whalers zone.
10:07 of 1st period - Slapshot by Brock Nelson.
10:07 of 1st period - Stopped by Anton Forsberg with a rebound.
10:35 of 1st period - Off-side.
10:36 of 1st period - Ryan Nugent-Hopkins wins face-off versus Alexander Wennberg in neutral zone.
11:14 of 1st period - Backhand shot by Alexis Lafreniere.
11:14 of 1st period - Stopped by Stuart Skinner without a rebound.
11:15 of 1st period - Ryan Nugent-Hopkins wins face-off versus Joshua Norris in Minnesota North Stars zone.
11:25 of 1st period - Wrist shot by Jeff Skinner.
11:25 of 1st period - Stopped by Anton Forsberg without a rebound.
11:26 of 1st period - Ryan Nugent-Hopkins wins face-off versus Alexander Wennberg in Hartford Whalers zone.
11:27 of 1st period - Wrist shot by Jack Hughes.
11:27 of 1st period - Shot Misses the Net.
11:33 of 1st period - Slapshot by Jeff Skinner.
11:33 of 1st period - Shot Blocked by Torey Krug.
12:16 of 1st period - Slapshot by Brock Nelson.
12:16 of 1st period - Stopped by Anton Forsberg with a rebound.
12:18 of 1st period - Slapshot by Brock Nelson.
12:18 of 1st period - Shot Misses the Net.
12:34 of 1st period - Wrist shot by Joshua Norris.
12:34 of 1st period - Stopped by Stuart Skinner without a rebound.
12:35 of 1st period - Joshua Norris wins face-off versus Conor Sheary in Minnesota North Stars zone.
12:44 of 1st period - Wrist shot by Joshua Norris.
12:44 of 1st period - Goal by Joshua Norris - Hartford Whalers : 1 - Minnesota North Stars : 0.
12:45 of 1st period - Ryan Nugent-Hopkins wins face-off versus Alexander Wennberg in neutral zone.
12:51 of 1st period - Off-side.
12:52 of 1st period - Alexander Wennberg wins face-off versus Ryan Nugent-Hopkins in neutral zone.
13:19 of 1st period - Snap shot by Jack Hughes.
13:19 of 1st period - Shot Misses the Net.
13:21 of 1st period - Wrist shot by Ryan Nugent-Hopkins.
13:21 of 1st period - Shot Misses the Net.
13:23 of 1st period - Slapshot by Jamie Oleksiak.
13:23 of 1st period - Shot Misses the Net.
13:25 of 1st period - Slapshot by Jamie Oleksiak.
13:25 of 1st period - Shot Misses the Net.
13:27 of 1st period - Slapshot by Rasmus Dahlin.
13:27 of 1st period - Shot Misses the Net.
13:29 of 1st period - Slapshot by Jamie Oleksiak.
13:29 of 1st period - Shot Blocked by Alec Martinez.
13:29 of 1st period - Alec Martinez from Hartford Whalers is injured at 13:29 of 1st period (Right Knee).
13:30 of 1st period - Casey Cizikas wins face-off versus Evgeni Malkin in Hartford Whalers zone.
13:35 of 1st period - Slapshot by Evgeni Malkin.
13:35 of 1st period - Stopped by Anton Forsberg without a rebound.
13:36 of 1st period - Evgeni Malkin wins face-off versus Casey Cizikas in Hartford Whalers zone.
13:58 of 1st period - Viktor Arvidsson is hit by Casey Cizikas and loses puck.
14:12 of 1st period - Wrist shot by Viktor Arvidsson.
14:12 of 1st period - Stopped by Anton Forsberg with a rebound.
14:14 of 1st period - Slapshot by Brandon Montour.
14:14 of 1st period - Shot Blocked by Alexis Lafreniere.
14:16 of 1st period - Slapshot by Brandon Montour.
14:16 of 1st period - Deflect By Evgeni Malkin.
14:16 of 1st period - Goal by Evgeni Malkin - Hartford Whalers : 1 - Minnesota North Stars : 1.
14:17 of 1st period - Joshua Norris wins face-off versus Brock Nelson in neutral zone.
14:24 of 1st period - Snap shot by Joshua Norris.
14:24 of 1st period - Shot Misses the Net.
14:49 of 1st period - Wrist shot by Thomas Chabot.
14:49 of 1st period - Shot Misses the Net.
15:09 of 1st period - Neal Pionk is hit by Taylor Hall and loses puck.
16:01 of 1st period - Wrist shot by Eeli Tolvanen.
16:01 of 1st period - Shot Misses the Net.
16:03 of 1st period - Wrist shot by Derick Brassard.
16:03 of 1st period - Shot Misses the Net.
16:07 of 1st period - Wrist shot by Eeli Tolvanen.
16:07 of 1st period - Stopped by Anton Forsberg with a rebound.
16:09 of 1st period - Snap shot by Justin Holl.
16:09 of 1st period - Shot Blocked by Marcus Foligno.
16:11 of 1st period - Slapshot by Gustav Forsling.
16:11 of 1st period - Shot Blocked by Haydn Fleury.
16:15 of 1st period - Snap shot by Eeli Tolvanen.
16:15 of 1st period - Stopped by Anton Forsberg with a rebound.
16:17 of 1st period - Slapshot by Justin Holl.
16:17 of 1st period - Shot Blocked by Casey Cizikas.
16:53 of 1st period - Snap shot by Alexis Lafreniere.
16:53 of 1st period - Deflect By Derick Brassard.
16:53 of 1st period - Goal by Alexis Lafreniere - Hartford Whalers : 2 - Minnesota North Stars : 1.
16:54 of 1st period - Jonathan Toews wins face-off versus Alexander Wennberg in neutral zone.
17:41 of 1st period - Minor Penalty to Rasmus Dahlin for Tripping.
17:42 of 1st period - Alexander Wennberg wins face-off versus Ryan Nugent-Hopkins in Minnesota North Stars zone.
19:41 of 1st period - Penalty to Rasmus Dahlin is over, Rasmus Dahlin is back on ice.
Goals for this period are 2 for Hartford Whalers vs 1 for Minnesota North Stars.
Shots for this period are 21 for Hartford Whalers vs 9 for Minnesota North Stars.
2nd period
0:01 of 2nd period - Alexander Wennberg wins face-off versus Ryan Nugent-Hopkins in neutral zone.
0:46 of 2nd period - Icing by Haydn Fleury.
0:47 of 2nd period - Lukas Reichel wins face-off versus Evgeni Malkin in Hartford Whalers zone.
1:29 of 2nd period - Slapshot by Jeff Skinner.
1:29 of 2nd period - Shot Misses the Net.
1:41 of 2nd period - Trevor van Riemsdyk is hit by Jonathan Toews and loses puck.
1:50 of 2nd period - Wrist shot by Jonathan Toews.
1:50 of 2nd period - Stopped by Anton Forsberg with a rebound.
1:52 of 2nd period - Snap shot by Jonathan Toews.
1:52 of 2nd period - Stopped by Anton Forsberg with a rebound.
2:04 of 2nd period - Backhand shot by Alexander Wennberg.
2:04 of 2nd period - Goal by Alexander Wennberg - Hartford Whalers : 3 - Minnesota North Stars : 1.
2:05 of 2nd period - Alexander Wennberg wins face-off versus Ryan Nugent-Hopkins in neutral zone.
2:10 of 2nd period - Wrist shot by Taylor Hall.
2:10 of 2nd period - Stopped by Stuart Skinner with a rebound.
2:12 of 2nd period - Slapshot by Thomas Chabot.
2:12 of 2nd period - Shot Misses the Net.
2:14 of 2nd period - Snap shot by Taylor Hall.
2:14 of 2nd period - Shot Blocked by Rasmus Dahlin.
2:16 of 2nd period - Slapshot by Taylor Hall.
2:16 of 2nd period - Stopped by Stuart Skinner without a rebound.
2:17 of 2nd period - Casey Cizikas wins face-off versus Viktor Arvidsson in Minnesota North Stars zone.
2:24 of 2nd period - Snap shot by Alexis Lafreniere.
2:24 of 2nd period - Shot Misses the Net.
2:26 of 2nd period - Snap shot by Casey Cizikas.
2:26 of 2nd period - Shot Misses the Net.
2:43 of 2nd period - Jaccob Slavin is hit by Brandon Montour and loses puck.
2:48 of 2nd period - Wrist shot by Ryan Nugent-Hopkins.
2:48 of 2nd period - Stopped by Anton Forsberg without a rebound.
2:49 of 2nd period - Alexander Wennberg wins face-off versus Jonathan Toews in Hartford Whalers zone.
3:15 of 2nd period - Jamie Oleksiak is hit by Anthony Mantha and loses puck.
3:22 of 2nd period - Snap shot by Joshua Norris.
3:22 of 2nd period - Deflect By Anthony Mantha.
3:22 of 2nd period - Shot Misses the Net.
3:22 of 2nd period - Puck is out of play.
3:23 of 2nd period - Casey Cizikas wins face-off versus Evgeni Malkin in Minnesota North Stars zone.
3:29 of 2nd period - Wrist shot by Alexis Lafreniere.
3:29 of 2nd period - Stopped by Stuart Skinner with a rebound.
3:45 of 2nd period - Minor Penalty to Viktor Arvidsson for Hooking.
3:46 of 2nd period - Casey Cizikas wins face-off versus Jonathan Toews in Minnesota North Stars zone.
3:47 of 2nd period - Snap shot by Alexis Lafreniere.
3:47 of 2nd period - Stopped by Stuart Skinner without a rebound.
3:48 of 2nd period - Jonathan Toews wins face-off versus Casey Cizikas in Minnesota North Stars zone.
4:01 of 2nd period - Slapshot by Evgeni Malkin.
4:01 of 2nd period - Stopped by Anton Forsberg with a rebound.
4:15 of 2nd period - Wrist shot by Taylor Hall.
4:15 of 2nd period - Stopped by Stuart Skinner without a rebound.
4:16 of 2nd period - Alexander Wennberg wins face-off versus Ryan Nugent-Hopkins in Minnesota North Stars zone.
4:31 of 2nd period - Wrist shot by Alexander Wennberg.
4:31 of 2nd period - Shot Misses the Net.
4:37 of 2nd period - Snap shot by Taylor Hall.
4:37 of 2nd period - Goal by Taylor Hall - Hartford Whalers : 4 - Minnesota North Stars : 1.
4:38 of 2nd period - Ryan Nugent-Hopkins wins face-off versus Taylor Hall in neutral zone.
4:41 of 2nd period - Wrist shot by Ryan Nugent-Hopkins.
4:41 of 2nd period - Stopped by Anton Forsberg with a rebound.
4:43 of 2nd period - Slapshot by Rasmus Dahlin.
4:43 of 2nd period - Shot Blocked by Thomas Chabot.
4:49 of 2nd period - Snap shot by Ryan Nugent-Hopkins.
4:49 of 2nd period - Stopped by Anton Forsberg with a rebound.
4:51 of 2nd period - Slapshot by Jamie Oleksiak.
4:51 of 2nd period - Shot Misses the Net.
4:53 of 2nd period - Snap shot by Jack Hughes.
4:53 of 2nd period - Shot Misses the Net.
4:55 of 2nd period - Snap shot by Ryan Nugent-Hopkins.
4:55 of 2nd period - Shot Blocked by Thomas Chabot.
5:09 of 2nd period - Wrist shot by Jonathan Toews.
5:09 of 2nd period - Stopped by Anton Forsberg without a rebound.
5:10 of 2nd period - Jonathan Toews wins face-off versus Joshua Norris in Hartford Whalers zone.
5:21 of 2nd period - Snap shot by Jonathan Toews.
5:21 of 2nd period - Deflect By Frank Vatrano.
5:21 of 2nd period - Stopped by Anton Forsberg with a rebound.
5:33 of 2nd period - Minor Penalty to John Hayden for Goalie Interference.
5:34 of 2nd period - Ryan Nugent-Hopkins wins face-off versus Alexander Wennberg in Hartford Whalers zone.
5:39 of 2nd period - Snap shot by Jeff Skinner.
5:39 of 2nd period - Stopped by Anton Forsberg with a rebound.
6:53 of 2nd period - Icing by Jack Hughes.
6:54 of 2nd period - Ryan Nugent-Hopkins wins face-off versus Josh Anderson in Minnesota North Stars zone.
7:33 of 2nd period - Penalty to John Hayden is over, John Hayden is back on ice.
7:42 of 2nd period - Connor Clifton is hit by Jamie Oleksiak and loses puck.
8:05 of 2nd period - Trevor van Riemsdyk is hit by Brock Nelson.
9:09 of 2nd period - Snap shot by Taylor Hall.
9:09 of 2nd period - Shot Misses the Net.
9:39 of 2nd period - Wrist shot by Evgeni Malkin.
9:39 of 2nd period - Shot Misses the Net.
9:41 of 2nd period - Snap shot by Viktor Arvidsson.
9:41 of 2nd period - Shot Misses the Net.
9:43 of 2nd period - Slapshot by Rasmus Dahlin.
9:43 of 2nd period - Deflect By Evan Rodrigues.
9:43 of 2nd period - Stopped by Anton Forsberg with a rebound.
10:15 of 2nd period - Snap shot by Alexander Wennberg.
10:15 of 2nd period - Stopped by Stuart Skinner without a rebound.
10:16 of 2nd period - Derick Brassard wins face-off versus Alexander Wennberg in Minnesota North Stars zone.
10:20 of 2nd period - Thomas Chabot is hit by Gustav Forsling and loses puck.
10:29 of 2nd period - Snap shot by Alexander Wennberg.
10:29 of 2nd period - Shot Blocked by Conor Sheary.
10:41 of 2nd period - Anthony Mantha is hit by Justin Holl and loses puck.
11:03 of 2nd period - Off-side.
11:04 of 2nd period - Ryan Nugent-Hopkins wins face-off versus Alexis Lafreniere in neutral zone.
11:45 of 2nd period - Wrist shot by Jonathan Toews.
11:45 of 2nd period - Shot Misses the Net.
12:07 of 2nd period - Wrist shot by Alexander Wennberg.
12:07 of 2nd period - Stopped by Stuart Skinner without a rebound.
12:08 of 2nd period - Jack Hughes wins face-off versus Lukas Reichel in Minnesota North Stars zone.
12:08 of 2nd period - Jack Hughes is hit by Thomas Chabot.
12:44 of 2nd period - Wrist shot by Viktor Arvidsson.
12:44 of 2nd period - Stopped by Anton Forsberg with a rebound.
13:05 of 2nd period - Snap shot by Brock Nelson.
13:05 of 2nd period - Stopped by Anton Forsberg with a rebound.
13:43 of 2nd period - Snap shot by Ryan Nugent-Hopkins.
13:43 of 2nd period - Shot Blocked by Alexander Wennberg.
13:45 of 2nd period - Snap shot by Brandon Montour.
13:45 of 2nd period - Stopped by Anton Forsberg with a rebound.
13:55 of 2nd period - Snap shot by Josh Anderson.
13:55 of 2nd period - Shot Misses the Net.
13:57 of 2nd period - Snap shot by Mark Kastelic.
13:57 of 2nd period - Deflect By Haydn Fleury.
13:57 of 2nd period - Stopped by Stuart Skinner with a rebound.
13:59 of 2nd period - Snap shot by Thomas Chabot.
13:59 of 2nd period - Shot Blocked by Viktor Arvidsson.
14:01 of 2nd period - Slapshot by Thomas Chabot.
14:01 of 2nd period - Shot Misses the Net.
14:03 of 2nd period - Slapshot by Trevor van Riemsdyk.
14:03 of 2nd period - Shot Blocked by Brandon Montour.
14:05 of 2nd period - Snap shot by Mark Kastelic.
14:05 of 2nd period - Stopped by Stuart Skinner with a rebound.
15:24 of 2nd period - Gustav Forsling is hit by Connor Clifton.
15:46 of 2nd period - Frank Vatrano is hit by Casey Cizikas and loses puck.
16:36 of 2nd period - Jaccob Slavin is hit by Derick Brassard and loses puck.
16:45 of 2nd period - Alexander Wennberg is hit by Eeli Tolvanen.
17:06 of 2nd period - Brandon Montour is hit by Alexis Lafreniere and loses puck.
17:19 of 2nd period - Snap shot by Ryan Nugent-Hopkins.
17:19 of 2nd period - Stopped by Anton Forsberg with a rebound.
17:27 of 2nd period - Jeff Skinner is hit by Marcus Foligno and loses puck.
17:58 of 2nd period - Icing by Trevor van Riemsdyk.
17:59 of 2nd period - Evgeni Malkin wins face-off versus Lukas Reichel in Hartford Whalers zone.
18:02 of 2nd period - Snap shot by Evgeni Malkin.
18:02 of 2nd period - Stopped by Anton Forsberg without a rebound.
18:03 of 2nd period - Evgeni Malkin wins face-off versus Alexander Wennberg in Hartford Whalers zone.
18:04 of 2nd period - Slapshot by Viktor Arvidsson.
18:04 of 2nd period - Shot Misses the Net.
18:06 of 2nd period - Snap shot by Evan Rodrigues.
18:06 of 2nd period - Deflect By Evgeni Malkin.
18:06 of 2nd period - Stopped by Anton Forsberg without a rebound.
18:07 of 2nd period - Evgeni Malkin wins face-off versus Alexander Wennberg in Hartford Whalers zone.
19:02 of 2nd period - Jeff Skinner is hit by John Hayden and loses puck.
19:25 of 2nd period - Conor Sheary is hit by Haydn Fleury.
Goals for this period are 2 for Hartford Whalers vs 0 for Minnesota North Stars.
Shots for this period are 11 for Hartford Whalers vs 16 for Minnesota North Stars.
3rd period
0:01 of 3rd period - Jonathan Toews wins face-off versus Casey Cizikas in neutral zone.
0:03 of 3rd period - Off-side.
0:04 of 3rd period - Jonathan Toews wins face-off versus Casey Cizikas in neutral zone.
0:09 of 3rd period - Casey Cizikas is hit by Jonathan Toews and loses puck.
0:14 of 3rd period - Wrist shot by Jonathan Toews.
0:14 of 3rd period - Deflect By Frank Vatrano.
0:14 of 3rd period - Stopped by Anton Forsberg with a rebound.
0:16 of 3rd period - Slapshot by Jamie Oleksiak.
0:16 of 3rd period - Stopped by Anton Forsberg with a rebound.
0:40 of 3rd period - Snap shot by Evan Rodrigues.
0:40 of 3rd period - Stopped by Anton Forsberg with a rebound.
0:48 of 3rd period - Evgeni Malkin is hit by Marcus Foligno and loses puck.
0:53 of 3rd period - Wrist shot by Alexis Lafreniere.
0:53 of 3rd period - Stopped by Stuart Skinner without a rebound.
0:54 of 3rd period - Ryan Nugent-Hopkins wins face-off versus Alexander Wennberg in Minnesota North Stars zone.
0:54 of 3rd period - Ryan Nugent-Hopkins is hit by Taylor Hall.
1:51 of 3rd period - Wrist shot by Joshua Norris.
1:51 of 3rd period - Stopped by Stuart Skinner with a rebound.
2:43 of 3rd period - Wrist shot by Eeli Tolvanen.
2:43 of 3rd period - Shot Misses the Net.
3:05 of 3rd period - Brock Nelson is hit by Mark Kastelic and loses puck.
4:15 of 3rd period - Marcus Foligno is hit by Brandon Montour and loses puck.
4:46 of 3rd period - Wrist shot by Marcus Foligno.
4:46 of 3rd period - Stopped by Stuart Skinner with a rebound.
4:52 of 3rd period - Thomas Chabot is hit by Frank Vatrano and loses puck.
5:01 of 3rd period - Slapshot by Frank Vatrano.
5:01 of 3rd period - Shot Misses the Net.
5:03 of 3rd period - Slapshot by Brock Nelson.
5:03 of 3rd period - Stopped by Anton Forsberg without a rebound.
5:04 of 3rd period - Joshua Norris wins face-off versus Ryan Nugent-Hopkins in Hartford Whalers zone.
5:09 of 3rd period - Jack Hughes is hit by Joshua Norris and loses puck.
5:18 of 3rd period - Gustav Forsling is hit by John Hayden and loses puck.
5:34 of 3rd period - Gustav Forsling is hit by Trevor van Riemsdyk and loses puck.
6:07 of 3rd period - Minor Penalty to Alexis Lafreniere for Hooking.
6:08 of 3rd period - Ryan Nugent-Hopkins wins face-off versus Josh Anderson in Hartford Whalers zone.
7:27 of 3rd period - Connor Clifton is hit by Evgeni Malkin and loses puck.
7:52 of 3rd period - Haydn Fleury is hit by Ryan Nugent-Hopkins and loses puck.
8:07 of 3rd period - Penalty to Alexis Lafreniere is over, Alexis Lafreniere is back on ice.
8:25 of 3rd period - Slapshot by Joshua Norris.
8:25 of 3rd period - Shot Blocked by Conor Sheary.
8:55 of 3rd period - Evan Rodrigues is hit by Lukas Reichel and loses puck.
9:16 of 3rd period - Snap shot by Derick Brassard.
9:16 of 3rd period - Shot Hit the Post.
10:27 of 3rd period - Torey Krug is hit by Brandon Montour and loses puck.
10:38 of 3rd period - Casey Cizikas is hit by Brock Nelson and loses puck.
11:05 of 3rd period - Evgeni Malkin is hit by John Hayden and loses puck.
11:50 of 3rd period - Ryan Nugent-Hopkins is hit by Mark Kastelic.
12:05 of 3rd period - Torey Krug is hit by Conor Sheary.
12:09 of 3rd period - Trevor van Riemsdyk is hit by Jamie Oleksiak and loses puck.
12:17 of 3rd period - Icing by Trevor van Riemsdyk.
12:18 of 3rd period - Casey Cizikas wins face-off versus Evgeni Malkin in Hartford Whalers zone.
12:18 of 3rd period - Casey Cizikas is hit by Viktor Arvidsson.
12:25 of 3rd period - Minor Penalty to Evgeni Malkin for Diving.
12:26 of 3rd period - Ryan Nugent-Hopkins wins face-off versus Casey Cizikas in Minnesota North Stars zone.
12:35 of 3rd period - Snap shot by Ryan Nugent-Hopkins.
12:35 of 3rd period - Stopped by Anton Forsberg without a rebound.
12:36 of 3rd period - Casey Cizikas wins face-off versus Ryan Nugent-Hopkins in Hartford Whalers zone.
12:47 of 3rd period - Wrist shot by Thomas Chabot.
12:47 of 3rd period - Deflect By Rasmus Dahlin.
12:47 of 3rd period - Stopped by Stuart Skinner without a rebound.
12:48 of 3rd period - Alexander Wennberg wins face-off versus Jonathan Toews in Minnesota North Stars zone.
13:36 of 3rd period - Icing by Thomas Chabot.
13:37 of 3rd period - Alexander Wennberg wins face-off versus Jonathan Toews in Hartford Whalers zone.
13:42 of 3rd period - Snap shot by Thomas Chabot.
13:42 of 3rd period - Shot Misses the Net.
13:46 of 3rd period - Snap shot by Taylor Hall.
13:46 of 3rd period - Stopped by Stuart Skinner without a rebound.
13:47 of 3rd period - Ryan Nugent-Hopkins wins face-off versus Casey Cizikas in Minnesota North Stars zone.
13:56 of 3rd period - Snap shot by Thomas Chabot.
13:56 of 3rd period - Shot Misses the Net.
14:25 of 3rd period - Penalty to Evgeni Malkin is over, Evgeni Malkin is back on ice.
15:01 of 3rd period - Jamie Oleksiak is hit by Haydn Fleury and loses puck.
15:36 of 3rd period - Neal Pionk is hit by Josh Anderson and loses puck.
15:45 of 3rd period - Slapshot by Taylor Hall.
15:45 of 3rd period - Stopped by Stuart Skinner without a rebound.
15:46 of 3rd period - Joshua Norris wins face-off versus Jonathan Toews in Minnesota North Stars zone.
15:51 of 3rd period - Snap shot by Joshua Norris.
15:51 of 3rd period - Stopped by Stuart Skinner without a rebound.
15:52 of 3rd period - Jonathan Toews wins face-off versus John Hayden in Minnesota North Stars zone.
16:30 of 3rd period - Snap shot by Taylor Hall.
16:30 of 3rd period - Stopped by Stuart Skinner with a rebound.
18:33 of 3rd period - Slapshot by Jaccob Slavin.
18:33 of 3rd period - Shot Blocked by Justin Holl.
18:35 of 3rd period - Wrist shot by Haydn Fleury.
18:35 of 3rd period - Deflect By Lukas Reichel.
18:35 of 3rd period - Stopped by Stuart Skinner with a rebound.
18:37 of 3rd period - Wrist shot by Thomas Chabot.
18:37 of 3rd period - Stopped by Stuart Skinner with a rebound.
18:39 of 3rd period - Wrist shot by Thomas Chabot.
18:39 of 3rd period - Deflect By Lukas Reichel.
18:39 of 3rd period - Stopped by Stuart Skinner with a rebound.
18:41 of 3rd period - Snap shot by Thomas Chabot.
18:41 of 3rd period - Shot Blocked by Justin Holl.
18:58 of 3rd period - Snap shot by Neal Pionk.
18:58 of 3rd period - Stopped by Anton Forsberg without a rebound.
18:59 of 3rd period - Ryan Nugent-Hopkins wins face-off versus Alexander Wennberg in Hartford Whalers zone.
19:12 of 3rd period - Wrist shot by Jeff Skinner.
19:12 of 3rd period - Stopped by Anton Forsberg with a rebound.
19:14 of 3rd period - Wrist shot by Jack Hughes.
19:14 of 3rd period - Stopped by Anton Forsberg without a rebound.
19:15 of 3rd period - Casey Cizikas wins face-off versus Evgeni Malkin in Hartford Whalers zone.
19:42 of 3rd period - Jamie Oleksiak is hit by Alexander Wennberg.
Goals for this period are 0 for Hartford Whalers vs 0 for Minnesota North Stars.
Shots for this period are 11 for Hartford Whalers vs 8 for Minnesota North Stars.
Back to the Top